 Dungeon Sprint DCSS version 0.29-a0-330-g52719c12eb (webtiles) character file.

Game seed: 984077939091331622

603 jt the Imperceptible (level 7, -4/55 HPs)
             Began as a Naga Enchanter on Apr 30, 2022.
             Was an Initiate of Okawaru.
             Splashed by a jelly's acid (7 damage)
             ... in the Dungeon (Sprint I: "Red Sonja").
             The game lasted 00:01:09 (276 turns).

jt the Imperceptible (Naga Enchanter)                Turns: 276, Time: 00:01:09

Health: -4/55      AC: -4    Str: 11    XL:     7   Next: 42%
Magic:  10/10      EV: 10    Int: 15    God:    Okawaru [......]
Gold:   54         SH:  0    Dex: 13    Spells: 10/10 levels left

rFire   . . .      SeeInvis +   a - +1 dagger
rCold   . . .      Faith    .   (no shield)
rNeg    . . .      Spirit   .   b - +0 robe
rPois   +          Reflect  .   (no helmet)
rElec   .          Harm     .   (no cloak)
rCorr   .          Rampage  .   (no gloves)
Will    .....      NoTele   +   (no barding)
Stlth   ++++++++..              (no amulet)
HPRegen 0.18/turn               (no ring)
MPRegen 0.12/turn               (no ring)

@: corroded, hasted, quick
A: AC +2, large, see invisible, deformed body, poison resistance, slowness 2,
spit poison 1, naga tail 1
a: Spit Poison, Renounce Religion


You were in the Dungeon.
You worshipped Okawaru.
Okawaru was noncommittal.
You visited 1 branch You collected 54 gold pieces.

Inventory:

Hand Weapons
 a - a +1 dagger (weapon)
Armour
 b - a +0 robe (worn)
Wands
 h - a wand of digging (5)
Potions
 g - 2 potions of magic


   Skills:
 - Level 1.0 Short Blades
 - Level 1.5 Dodging
 + Level 22.9 Stealth
 - Level 2.0 Spellcasting
 - Level 3.0 Hexes


You had 10 spell levels left.
You didn't know any spells.
Your spell library contained the following spells:

 Spells                   Type           Power      Damage    Failure   Level
 Ensorcelled Hibernation  Hex/Ice        12%        N/A       19%         2
 Confusing Touch          Hex            10%        N/A       19%         3
 Dazzling Flash           Conj/Hex       12%        N/A       34%         3
 Tukima's Dance           Hex            Unusable   N/A       N/A         3

Dungeon Overview and Level Annotations

Branches:
Dungeon (1/1)

Altars:
Cheibriados
Dithmenos
Elyvilon
Fedhas
Gozag
Hepliaklqana
Kikubaaqudgha
Makhleb
Nemelex Xobeh
Okawaru
Qazlal
Ru
Sif Muna
Trog
Uskayaw
Vehumet
Wu Jian
Xom
Yredelemnul
Zin
The Shining One
Jiyva
Lugonu

Shops:
D (


Innate Abilities, Weirdness & Mutations

Your serpentine skin is tough. (AC +2)
You have supernaturally acute eyesight. (SInv)
Armour fits poorly on your strangely shaped body.
Your system is resistant to poisons. (rPois)
You cover ground very slowly.
You can spit poison.
You have a snake-like lower body.


Message History

Okay, then.
You open the door.
A yak comes into view.
The jelly hits you.
You are splashed with acid!
* * * LOW HITPOINT WARNING * * *
Found Yvvuatt's Antique Weapon Emporium.
Found fourteen altars.
Found an opulent altar of Gozag.
There is an open door here.
The helpless yak fails to defend itself.
You stick the yak like a pincushion!!!!
You kill the yak!
The jelly hits you.
* * * LOW HITPOINT WARNING * * *
You are splashed with acid!
* * * LOW HITPOINT WARNING * * *
Your Stealth skill increases to level 22!
Blink to where?
Press: ? - help, Dir - move target
Found a sparkling altar of Nemelex Xobeh.
As you read the scroll of blinking, it crumbles to dust.
You coil in front of the altar of Okawaru.
Okawaru welcomes you!
You flicker back into view.
Okay, then.
Okay, then.
You feel yourself speed up.
There is an entrance to Yvvuatt's Antique Weapon Emporium here.
There is a shadowy altar of Dithmenos here.
You feel better. The jelly closely misses you. The jelly hits you.
* * * LOW HITPOINT WARNING * * *
You are splashed with acid!
* * * LOW HITPOINT WARNING * * *
The jelly attacks as you move away! The jelly barely misses you.
There is an entrance to Yvvuatt's Antique Weapon Emporium here.
The jelly hits you.
* * * LOW HITPOINT WARNING * * *
You are splashed with acid!
You die...

###################
#<.#..'..#.)'..#__#
#..').#.)'..#$$'..+
#..#####+#####'#__#
#..#### #[####
#..#__#### ##)#
#..#_____##+#_.+
#⌠⌠#_.∩@..'..._#
####_.J__##_.#+#
#_____###+# #######


You could see a jelly.

Vanquished Creatures
  A slime creature (D)
  Sigmund (D)
  A yak (D)
  An ogre (D)
  Ijyb (D)
5 creatures vanquished.

Notes
Turn   | Place    | Note
-------+----------+-------------------------------------------
     0 | D        | jt the Naga Enchanter began the quest for the Orb.
     0 | D        | Reached XP level 1. HP: 15/15 MP: 3/3
     2 | D        | Noticed Ijyb
    15 | D        | Killed Ijyb
    16 | D        | Reached skill level 10 in Stealth
    16 | D        | Reached XP level 2. HP: 8/22 MP: 5/5
    16 | D        | Reached XP level 3. HP: 11/28 MP: 6/6
   232 | D        | Noticed an ogre
   234 | D        | Killed an ogre
   235 | D        | Reached skill level 14 in Stealth
   235 | D        | Reached XP level 4. HP: 36/36 MP: 7/7
   237 | D        | Noticed Sigmund
   239 | D        | Killed Sigmund
   240 | D        | Reached skill level 19 in Stealth
   240 | D        | Reached XP level 5. HP: 42/42 MP: 8/8
   240 | D        | Reached XP level 6. HP: 49/49 MP: 9/9
   247 | D        | Found a burning altar of Makhleb.
   247 | D        | Found a shimmering altar of Xom.
   247 | D        | Noticed a slime creature
   248 | D        | Found a viscous altar of Jiyva.
   248 | D        | Found a corrupted altar of Lugonu.
   250 | D        | Killed a slime creature
   251 | D        | Reached skill level 21 in Stealth
   251 | D        | Reached XP level 7. HP: 55/55 MP: 10/10
   252 | D        | Found an ornate altar of the Wu Jian Council.
   252 | D        | Found a shimmering blue altar of Sif Muna.
   254 | D        | Found a radiant altar of Vehumet.
   264 | D        | Found Yvvuatt's Antique Weapon Emporium.
   264 | D        | Found an ancient bone altar of Kikubaaqudgha.
   264 | D        | Found a hazy altar of Hepliaklqana.
   264 | D        | Found a stormy altar of Qazlal.
   264 | D        | Found a hide-covered altar of Uskayaw.
   264 | D        | Found a blossoming altar of Fedhas.
   264 | D        | Found a bloodstained altar of Trog.
   264 | D        | Found an iron altar of Okawaru.
   264 | D        | Found a basalt altar of Yredelemnul.
   264 | D        | Found a glowing golden altar of the Shining One.
   264 | D        | Found a snail-covered altar of Cheibriados.
   264 | D        | Found a sacrificial altar of Ru.
   264 | D        | Found a glowing silver altar of Zin.
   264 | D        | Found a shadowy altar of Dithmenos.
   264 | D        | Found a white marble altar of Elyvilon.
   264 | D        | Noticed a yak
   265 | D        | Found an opulent altar of Gozag.
   266 | D        | Killed a yak
   266 | D        | HP: 2/55 [acid (7)]
   267 | D        | Reached skill level 22 in Stealth
   267 | D        | Found a sparkling altar of Nemelex Xobeh.
   268 | D        | Became a worshipper of Warmaster Okawaru
   276 | D        | Splashed by a jelly's acid

Illustrated notes

Levels and vault maps discovered:
D:        dungeon_sprint_1 [red_sonja_temple_1, red_sonja_temple_small_1]

Skill      XL: |  1  2  3  4  5  6  7 |
---------------+----------------------+-----
Stealth        | 10 14 19 21 22 | 22.9
Short Blades   | |  1.0
Dodging        | |  1.5
Spellcasting   | |  2.0
Hexes          | |  3.0

Action                   |  1- 3 |  4- 6 |  7- 9 || total
-------------------------+-------+-------+-------++-------
Melee: Dagger            |    12 |     2 |     4 ||    18
 Abil: Spit Poison       |     1 |       |       ||     1
  Use: Potion            |     2 |       |     4 ||     6
       Scroll            |       |       |     1 ||     1
 Stab: Sleeping          |     1 |     2 |     1 ||     4
Dodge: Dodged            |     4 |       |     3 ||     7

Table legend: (Time is in decaauts)
 A = Elapsed time spent in this place.
 B = Non-inter-level travel time spent in this place.
 C = Inter-level travel time spent in this place.
 D = Time resting spent in this place.
 E = Time spent auto-exploring this place.
 F = Levels seen in this place.
 G = Mean time per level.
                   A        B        C        D        E       F      G
               +--------+--------+--------+--------+--------+-----+--------+
         Total |    293 |    293 |      0 |    225 |      0 |   1 |  293.0 |
       Dungeon |    293 |    293 |      0 |    225 |      0 |   1 |  293.0 |
               +--------+--------+--------+--------+--------+-----+--------+

Top non-repeatable levels by time:
       D: 293 daAuts
